 Dungeon Crawl Stone Soup version 0.30-a0-222-ge547ba4400 (webtiles) character file.

Game seed: 7248613507936838136

18429 darz the Covert (level 12, 0/54 HPs)
             Began as a Spriggan Enchanter on Oct 9, 2022.
             Was an Elder of Dithmenos.
             Shot with an arrow by a centaur warrior (4 damage)
             ... on level 13 of the Dungeon.
             The game lasted 00:47:31 (14910 turns).

darz the Covert (Spriggan Enchanter)               Turns: 14910, Time: 00:47:32

Health: 0/54       AC:  4    Str:  7    XL:     12   Next: 27%
Magic:  29/29      EV: 22    Int: 27    God:    Dithmenos [****..]
Gold:   977        SH:  5    Dex: 15    Spells: 22/35 levels left

rFire   + . .      SeeInvis +    a - +7 dagger
rCold   . . .      Faith    .    (no shield)
rNeg    . . .      Spirit   .    G - +2 robe {Will+}
rPois   .          Reflect  +    x - +1 hat of Past Mistakes {+Inv}
rElec   .          Harm     .    m - +2 cloak
rCorr   .          Rampage  .    (gloves unavailable)
Will    +++..                    (boots unavailable)
Stlth   +++++++++.               D - amulet of reflection
HPRegen 0.00/turn                h - ring of protection from fire
MPRegen 0.21/turn                q - +6 ring of intelligence

@: about to teleport, corroded, inhibited regen, wreathed by umbra, very quick
A: very small, no large weapons, unfitting armour, see invisible, speed 3,
clever 1, frail 1, inhibited regeneration
a: Renounce Religion, Evoke Invisibility, Shadow Step


You were on level 13 of the Dungeon.
You worshipped Dithmenos.
Dithmenos was greatly pleased with you.
You visited 2 branches of the dungeon, and saw 14 of its levels.

You collected 977 gold pieces.

Inventory:

Hand Weapons
 a - a +7 dagger (weapon)
 t - a +2 dagger of draining
 E - the +10 rapier "Hankol" {spect, MP+9}
   (You found it on level 11 of the Dungeon)

   When its wielder attacks, the weapon's spirit leaps out and strikes again.
   The spirit shares a part of any damage it takes with its wielder.
   MP:        It affects your magic capacity (+9).
Missiles
 d - 26 poisoned darts (quivered)
 p - 2 atropa-tipped darts
 s - 8 curare-tipped darts
Armour
 m - a +2 cloak (worn)
 o - a +1 robe of willpower
 x - the +1 hat of Past Mistakes (worn) {+Inv}
   (You found it on level 9 of the Dungeon)

   +Inv:      It lets you turn invisible.
 G - a +2 robe of willpower (worn)
Jewellery
 h - a ring of protection from fire (left hand)
 q - a +6 ring of intelligence (right hand)
 B - a ring of fire
 D - an amulet of reflection (around neck)
 F - a ring of magical power
Wands
 b - a wand of iceblast (9)
 u - a wand of charming (11)
 C - a wand of flame (24)
Scrolls
 g - 8 scrolls of identify
 r - a scroll of amnesia
 y - 2 scrolls of teleportation
 A - 2 scrolls of magic mapping
Potions
 c - a potion of might
 e - 2 potions of flight
 f - 2 potions of heal wounds
 i - 2 potions of brilliance
 j - a potion of magic
 k - 4 potions of curing
 l - 4 potions of resistance
 n - 3 potions of lignification
 v - a potion of ambrosia
 w - a potion of cancellation
 z - a potion of haste


   Skills:
 + Level 5.6 Fighting
 + Level 7.6 Short Blades
 + Level 9.5 Dodging
 + Level 14.7 Stealth
 + Level 12.0 Spellcasting
 + Level 12.2 Hexes


You had 22 spell levels left.
You knew the following spells:

 Your Spells              Type           Power      Damage    Failure   Level
a - Ensorcelled Hibernat  Hex/Ice        98%        N/A       1%          2
b - Tukima's Dance        Hex            70%        N/A       1%          3
c - Dazzling Flash        Conj/Hex       98%        N/A       1%          3
d - Confusing Touch       Hex            70%        N/A       1%          3
e - Blink                 Tloc           32%        N/A       5%          2

Your spell library contained the following spells:

 Spells                   Type           Power      Damage    Failure   Level
 Anguish                  Hex/Necr       24%        N/A       2%          4
 Beastly Appendage        Tmut           32%        N/A       3%          1
 Wereblood                Tmut           16%        N/A       5%          2
 Spider Form              Tmut/Pois      16%        N/A       11%         3
 Manifold Assault         Tloc           16%        N/A       34%         4
 Storm Form               Tmut/Air       8%         N/A       100%        7


Dungeon Overview and Level Annotations

Branches:
Dungeon (13/15)            Temple (1/1) D:4            Lair (0/5) D:9
    Orc (0/2) D:9
 Vaults: D:13-14

Altars:
Ashenzari
Cheibriados
Dithmenos
Fedhas
Gozag
Hepliaklqana
Makhleb
Okawaru
Qazlal
Sif Muna
Trog
Uskayaw
Vehumet
Wu Jian
Xom
Yredelemnul
Zin
The Shining One

Shops:
D:11 *   D:13 (*

Annotations:
D:7 onwiheg's ghost, novice FoFi


Innate Abilities, Weirdness & Mutations

You are very small and have problems with some larger weapons.
You are too small for most types of armour.
You have supernaturally acute eyesight. (SInv)
You cover ground extremely quickly. (Speed+++)
Your mind is acute. (Int +4, Str/Dex -1)
You are frail. (-10% HP)
You do not regenerate when monsters are visible.


Message History

Found a scroll of noise.
Things that are here:
a +0 giant club; a +0 giant spiked club
g - 8 scrolls of identify (gained 1)
There is a stone staircase leading down here.
A centaur and a howler monkey come into view.
Found Bodeas's Assorted Antiques.
You see here 10 gold pieces.
You now have 977 gold pieces (gained 10).
You see here a scroll of noise.
No target in view!
A centaur warrior and an acid dragon come into view.
Found Nogh's Weapon Shoppe.
Found 8 gold pieces.
A centaur comes into view.
You block the centaur's attack.
The centaur kicks you but does no damage.
You barely miss the centaur.
The acid dragon roars!
You hear an angry buzzing noise.
The centaur completely misses you. You block the centaur's attack.
The acid dragon spits acid at you. The splash of acid hits you!!
Ouch! That really hurt!
You emit a cloud of dark smoke.
The acid corrodes you!
You hear an angry buzzing noise.
The centaur warrior shouts!
The centaur shouts!
The centaur wields a +0 shortbow.
The centaur shoots an arrow.
The arrow misses you.
Unknown command.
Unknown command.
As you read the scroll of teleportation, it crumbles to dust.
You feel strangely unstable.
The centaur shoots an arrow.
The arrow closely misses you.
The centaur shoots an arrow.
The arrow misses you.
The centaur warrior wields a +2 longbow of freezing.
It is covered in frost.
The centaur warrior shoots an arrow.
The arrow hits you!!
* * * LOW HITPOINT WARNING * * *
The arrow freezes you.
You die...

## ##### ..#.∩ .# #...# #####
...... .# #...# #...# #..... .#
.#####...####...#######...###.#
..................>............
.............).................
...................>....D......
.[..................?§.§.§§....
...<....#.......@....§ch§......
######.###...#.########c§§.#..
#..###.##.# #§c..# #...#####.#
#....# ....# #.# #.h..# ...##
#.# #c...# ## #. #....# #.....
#$.c###


You could see a centaur warrior.

Vanquished Creatures
  Nessos (D:12)
  A boulder beetle (D:11)
  3 two-headed ogres
  A skeletal warrior (D:11)
  A steelbarb worm (shapeshifter) (D:11)
  An orc sorcerer (D:9)
  A manticore (D:11)
  2 ugly things
  2 cyclopes
  2 gargoyles
  2 unseen horrors
  A komodo dragon (D:11)
  A freezing wraith (D:11)
  Grinder (D:4)
  4 trolls
  Sigmund (D:4)
  A vampire (D:11)
  13 yaks
  4 wraiths
  A shadow (D:11)
  A steam dragon (D:9)
  Menkaure (D:7)
  A water moccasin (D:6)
  5 acid dragons
  An ice beast (D:6)
  4 orc warriors
  3 sky beasts
  A black bear (D:5)
  3 centaurs (D:10)
  2 ogres
  A phantom (D:5)
  5 bullfrogs
  2 necrophages (D:4)
  6 scorpions
  4 wights
  A killer bee (D:11)
  5 electric eels (D:12)
  4 howler monkeys
  17 orc priests
  A hound (D:5)
  2 jellies
  Jessica (D:2)
  14 orc wizards
  2 iguanas
  7 adders
  2 white imps
  An ufetubus (D:5)
  3 dart slugs
  77 orcs
  6 ball pythons
  5 endoplasms
  3 giant cockroaches
  9 goblins
  7 hobgoblins
  8 kobolds
  5 quokkas
  5 bats
  3 frilled lizards
  8 rats
  A bush (D:1)
281 creatures vanquished.

Vanquished Creatures (collateral kills)
  A two-headed ogre (D:9)
  Psyche (D:12)
  A yak (D:11)
  An orc warrior (D:9)
  An ogre (D:7)
  8 wights
  Crazy Yiuf (D:2)
  7 orcs
  A ball python (D:3)
  A kobold (D:4)
23 creatures vanquished.

Vanquished Creatures (others)
  6 dancing weapons
  A howler monkey (D:12)
  14 fungi
  26 plants
47 creatures vanquished.

Grand Total: 351 creatures vanquished

Notes
Turn   | Place    | Note
-------+----------+-------------------------------------------
     0 | D:1      | darz the Spriggan Enchanter began the quest for the Orb.
     0 | D:1      | Reached XP level 1. HP: 9/9 MP: 5/5
   188 | D:1      | Reached XP level 2. HP: 9/13 MP: 7/7
   191 | D:1      | Learned a level 2 spell: Ensorcelled Hibernation
   779 | D:1      | Reached XP level 3. HP: 16/16 MP: 9/9
   783 | D:1      | Learned a level 3 spell: Tukima's Dance
   787 | D:1      | Learned a level 3 spell: Confusing Touch
  1690 | D:2      | Noticed Jessica
  1706 | D:2      | Killed Jessica
  1707 | D:2      | Reached skill level 5 in Hexes
  1707 | D:2      | Reached XP level 4. HP: 21/21 MP: 7/11
  2421 | D:2      | Found a runed translucent door.
  2422 | D:2      | Noticed Crazy Yiuf
  2429 | D:2      | Killed Crazy Yiuf
  2583 | D:3      | Reached XP level 5. HP: 19/24 MP: 13/13
  2699 | D:3      | Found a blossoming altar of Fedhas.
  2732 | D:3      | Reached skill level 5 in Spellcasting
  3104 | D:3      | Found a faded altar of an unknown god.
  3695 | D:4      | Found a broken altar of Ashenzari.
  3743 | D:4      | Reached skill level 5 in Stealth
  3801 | D:4      | Noticed Grinder
  3824 | D:4      | Killed Grinder
  3825 | D:4      | Reached skill level 6 in Stealth
  3825 | D:4      | Reached XP level 6. HP: 28/28 MP: 11/16
  3875 | D:4      | Noticed Sigmund
  3888 | D:4      | Killed Sigmund
  3889 | D:4      | Reached XP level 7. HP: 32/32 MP: 2/17
  4009 | D:4      | Reached skill level 7 in Stealth
  4333 | D:4      | Reached skill level 8 in Stealth
  4608 | D:4      | Found a staircase to the Ecumenical Temple.
  4630 | Temple   | Entered the Ecumenical Temple
  4682 | Temple   | Became a worshipper of Dithmenos the Shadowed
  4821 | D:4      | Learned a level 3 spell: Dazzling Flash
  4890 | D:4      | Reached XP level 8. HP: 36/36 MP: 4/20
  5028 | D:4      | Found a hide-covered altar of Uskayaw.
  5158 | D:4      | Found a burning altar of Makhleb.
  5502 | D:5      | Entered Level 5 of the Dungeon
  6138 | D:5      | Reached * piety under Dithmenos
  6139 | D:5      | Reached skill level 9 in Stealth
  6505 | D:5      | Identified the +4 flail "Uhoaquf" {holy, rC+ Will+}
  6877 | D:6      | Found an ornate altar of the Wu Jian Council.
  7034 | D:6      | Reached skill level 10 in Stealth
  7444 | D:6      | Found a glowing silver altar of Zin.
  7550 | D:6      | Reached XP level 9. HP: 18/39 MP: 20/22
  7834 | D:6      | Gained mutation: You have a pair of small horns on your
                  | head. [potion of mutation]
  7857 | D:7      | Reached skill level 1 in Fighting
  7991 | D:7      | Noticed Menkaure
  7993 | D:7      | Killed Menkaure
  7994 | D:7      | Reached skill level 11 in Stealth
  8083 | D:7      | Identified the +6 trident of Beastly Subterfuge {protect,
                  | rF++ rC-}
  8130 | D:7      | Reached ** piety under Dithmenos
  8509 | D:7      | Found a transporter.
  8509 | D:7      | Found a transporter.
  8594 | D:7      | Found a transporter.
  8594 | D:7      | Found a transporter.
  8644 | D:7      | Noticed onwiheg's ghost (novice FoFi)
  8667 | D:7      | Reached skill level 10 in Hexes
  8812 | D:7      | Noticed a troll
  8823 | D:7      | Reached skill level 5 in Dodging
  8841 | D:7      | Reached XP level 10. HP: 32/47 MP: 19/24
  8943 | D:7      | Identified the +0 helmet of Absence {+Blink rCorr Slay+2
                  | SInv}
  9175 | D:8      | Noticed a six-headed hydra
  9221 | D:8      | Lost mutation: You have a pair of small horns on your head.
                  | [potion of mutation]
  9221 | D:8      | Gained mutation: You occasionally lose the ability to drink
                  | potions when taking damage. [potion of mutation]
  9221 | D:8      | Gained mutation: You have an increased reservoir of magic.
                  | (+10% MP) [potion of mutation]
  9383 | D:8      | Noticed a two-headed ogre
  9386 | D:8      | Killed a two-headed ogre
  9387 | D:8      | Reached skill level 12 in Stealth
  9387 | D:8      | Reached skill level 10 in Spellcasting
  9682 | D:8      | Learned a level 2 spell: Blink
  9820 | D:9      | Reached *** piety under Dithmenos
  9826 | D:9      | Noticed an orc sorcerer
  9856 | D:9      | Killed an orc sorcerer
  9864 | D:9      | Identified the +1 hat of Past Mistakes {+Inv}
 10073 | D:9      | Found a staircase to the Orcish Mines.
 10095 | D:9      | Reached skill level 5 in Short Blades
 10220 | D:9      | Noticed a two-headed ogre
 10231 | D:9      | Killed a two-headed ogre
 10360 | D:9      | Found a staircase to the Lair.
 10518 | D:9      | Lost mutation: You occasionally lose the ability to drink
                  | potions when taking damage. [potion of mutation]
 10518 | D:9      | Lost mutation: You have an increased reservoir of magic.
                  | (+10% MP) [potion of mutation]
 10518 | D:9      | Gained mutation: You do not regenerate when monsters are
                  | visible. [potion of mutation]
 10518 | D:9      | Gained mutation: You are frail. (-10% HP) [potion of
                  | mutation]
 10518 | D:9      | Gained mutation: Your mind is acute. (Int +4, Str/Dex -1)
                  | [potion of mutation]
 10543 | D:9      | Found a snail-covered altar of Cheibriados.
 10912 | D:10     | Entered Level 10 of the Dungeon
 10980 | D:10     | Found a bloodstained altar of Trog.
 11003 | D:10     | Reached skill level 13 in Stealth
 11108 | D:10     | Reached XP level 11. HP: 35/47 MP: 23/26
 11344 | D:10     | Reached **** piety under Dithmenos
 12232 | D:11     | Identified the +10 rapier "Hankol" {spect, MP+9}
 12415 | D:11     | Found Iwetah's General Store.
 12498 | D:11     | Noticed a red ugly thing
 12499 | D:11     | Noticed a two-headed ogre
 12499 | D:11     | Noticed a boulder beetle
 12510 | D:11     | Noticed a fire crab
 12517 | D:11     | Killed a boulder beetle
 12520 | D:11     | Killed a white ugly thing
 12532 | D:11     | Noticed a skeletal warrior
 12575 | D:11     | Killed a two-headed ogre
 12720 | D:11     | Noticed a swamp dragon
 12720 | D:11     | a swamp dragon changed into a steelbarb worm
 12720 | D:11     | Noticed a steelbarb worm (shapeshifter)
 12728 | D:11     | Killed a steelbarb worm
 12729 | D:11     | Reached skill level 5 in Fighting
 12729 | D:11     | Reached skill level 14 in Stealth
 12860 | D:11     | Identified the +3 leather armour "Uwkisiuz" {rPois Str+7
                  | SInv}
 13043 | D:11     | Killed a skeletal warrior
 13192 | D:12     | Reached XP level 12. HP: 21/54 MP: 24/28
 13624 | D:12     | Noticed Psyche
 13640 | D:12     | Killed Psyche
 13868 | D:12     | Noticed Nessos
 13873 | D:12     | Killed Nessos
 14769 | D:13     | Noticed a four-headed hydra
 14769 | D:13     | Noticed a six-headed hydra
 14871 | D:13     | Noticed a two-headed ogre
 14878 | D:13     | Killed a two-headed ogre
 14892 | D:13     | Found Bodeas's Assorted Antiques.
 14898 | D:13     | Found Nogh's Weapon Shoppe.
 14898 | D:13     | Noticed a centaur warrior
 14910 | D:13     | Shot with an arrow by a centaur warrior

Illustrated notes

Levels and vault maps discovered:
D:1:      scummos_arrival_simple_fountains, layout_basic, serial_forest,
          infiniplex_forest_lined_3, infiniplex_forest_lined_corner,
          infiniplex_forest_lined_2, infiniplex_forest_clump_long,
          infiniplex_forest_clump_cross, infiniplex_forest_join,
          infiniplex_forest_clump_cross
D:2:      layout_loops_ring, uniq_jessica, uniq_crazy_yiuf_cottage
D:3:      layout_rooms, fedhas_altar_1, hellmonk_ecumenical_altar_inner_sanctum
D:4:      cheibrodos_pilgrimage, layout_basic, evilmike_ruin_ashenzari,
          amcnicky_altar_gilded, kennysheep_mini_moat,
          minmay_temple_entry_purple_smoke, uniq_grinder, uniq_sigmund
D:5:      layout_basic
D:6:      layout_basic, pdpol_wu_jian_five_deadly_venoms, zin_academy,
          st_stairs_4
D:7:      gammafunk_beogh_shrine, layout_loops_ring, gammafunk_ghost_smash,
          uniq_menkaure
D:8:      layout_basic, lightli_corner_chamber
D:9:      cheibrodos_wizards_tower, layout_basic, kennysheep_slug_shrine,
          grunt_lair_entry_orc_guard_hut, hiddenorc2_lemuel
D:10:     layout_basic, mainiacjoe_overflow_concentric_impassable,
          nicolae_figureground_sparkle
D:11:     layout_cave_pools, serial_co_window_serial, co_window_paths_b,
          co_window_paths_b, co_window_of_opportunity_a, co_window_paths_b,
          co_window_corner_a, co_window_unsneaky_path_a, co_window_broadway_a,
          co_window_corner_cb, co_window_corner_cb, glass_columns_c,
          glass_columns_b, glass_columns_a, serial_shops, shop_statue,
          minmay_pinched_square
D:12:     layout_basic, uniq_psyche, uniq_nessos
D:13:     layout_cross, david_vaults_4, serial_shops, shop_statue,
          nicolae_shop_stone, shop_statue, shop, shop,
          nicolae_straight_to_the_point
Temple:   jpeg_temple_clearing

Skill      XL: |  1  2  3  4  5  6  7  8  9 10 11 12 |
---------------+-------------------------------------+-----
Spellcasting   | 3 4 6 7 8 9 10 11 12 | 12.0
Hexes          | 4 5 6 7 9 10 11 12 | 12.2
Stealth        | 6 8 10 11 13 14 | 14.7
Dodging        | 5 7 9 |  9.5
Fighting       | 2 4 5 |  5.6
Short Blades   | 3 5 7 |  7.6

Action                   |  1- 3 |  4- 6 |  7- 9 | 10-12 || total
-------------------------+-------+-------+-------+-------++-------
Melee: Dagger            |   439 |   114 |   270 |   345 ||  1168
       Punch             |     9 |       |     3 |     4 ||    16
       Headbutt          |       |       |    12 |     3 ||    15
Throw: Dart              |    14 |       |       |       ||    14
 Cast: Tukima's Dance    |     1 |    10 |    26 |    20 ||    57
       Ensorcelled Hiber |       |    15 |    51 |    68 ||   134
       Confusing Touch   |       |     2 |     3 |     6 ||    11
Invok: Shadow Step       |       |       |       |     1 ||     1
Evoke: Wand              |       |       |     6 |     9 ||    15
  Use: Scroll            |     6 |     8 |     9 |    12 ||    35
       Potion            |       |     1 |     6 |     6 ||    13
 Stab: Sleeping          |     7 |    12 |    51 |    50 ||   120
       Distracted        |       |     1 |     1 |     1 ||     3
       Confused          |       |     1 |     4 |     5 ||    10
       Invisible         |       |     1 |       |    10 ||    11
Armor: Robe              |     6 |    15 |    23 |    35 ||    79
Dodge: Dodged            |    65 |    70 |   214 |   237 ||   586
Block: Other             |       |       |       |    17 ||    17

Table legend: (Time is in decaauts)
 A = Elapsed time spent in this place.
 B = Non-inter-level travel time spent in this place.
 C = Inter-level travel time spent in this place.
 D = Time resting spent in this place.
 E = Time spent auto-exploring this place.
 F = Levels seen in this place.
 G = Mean time per level.
                   A        B        C        D        E       F      G
               +--------+--------+--------+--------+--------+-----+--------+
         Total |  10988 |  10566 |    422 |    623 |   7322 |  14 |  784.9 |
       Dungeon |  10928 |  10534 |    394 |    623 |   7303 |  13 |  840.6 |
        Temple |     60 |     32 |     28 |      0 |     18 |   1 |   60.0 |
               +--------+--------+--------+--------+--------+-----+--------+

Top non-repeatable levels by time:
     D:4: 1727 daAuts
    D:12: 1316 daAuts
     D:1: 1086 daAuts
     D:5: 954 daAuts
    D:11: 887 daAuts
     D:7: 879 daAuts
     D:9: 772 daAuts
     D:6: 769 daAuts
     D:2: 742 daAuts
    D:10: 709 daAuts
     D:8: 524 daAuts
     D:3: 506 daAuts
  Temple: 60 daAuts
    D:13: 50 daAuts
